 Dungeon Crawl Stone Soup version 0.31.0 (webtiles) character file.

Game seed: 5758034753216473027

2299 qw the Skirmisher (level 9, 0/57 HPs)
             Began as a Gargoyle Hunter on Jan 20, 2024.
             Was a Follower of Okawaru.
             Killed from afar by an electric eel (5 damage)
             ... with a bolt of electricity
             ... on level 7 of the Dungeon.
             The game lasted 00:00:49 (7149 turns).

qw the Skirmisher (Gargoyle Hunter)                 Turns: 7149, Time: 00:00:49

Health: 0/57       AC: 15    Str: 10    XL:     9   Next: 40%
Magic:  11/11      EV: 13    Int: 10    God:    Okawaru [*.....]
Gold:   275        SH:  0    Dex: 21    Spells: 8/8 levels left

rFire   . . .        a - +0 shortbow
rCold   + . .        (shield currently unavailable)
rNeg    + . .        n - +2 leather armour {rC+}
rPois   inf          b - +1 helmet
rElec   +            (no cloak)
rCorr   .            (no gloves)
SInv    .            f - +1 pair of boots
Will    .....        i - amulet "Ilety" {Acrobat +Blink rPois Str-5 Dex+4}
Stlth   ++           (no ring)
HPRegen 0.29/turn    (no ring)
MPRegen 0.12/turn

%: acrobat
@: about to teleport
A: sickness immunity, AC +6, negative energy resistance 1, electricity
resistance, torment resistance 1, petrification resistance
a: Renounce Religion, Evoke Blink, Heroism


You were on level 7 of the Dungeon.
You worshipped Okawaru.
Okawaru was aware of your devotion.
You visited 2 branches of the dungeon, and saw 8 of its levels.

You collected 275 gold pieces.


Innate Abilities, Weirdness & Mutations

You are immune to sickness and miasma.
Your stone body is resilient. (AC +6)
You are immune to poison.
You resist negative energy. (rN+)
You are resistant to electric shocks. (rElec)
You are resistant to unholy torment.
You are immune to petrification.


   Skills:
 - Level 7.1 Fighting
 + Level 10.0 Ranged Weapons
 - Level 2.0 Armour
 - Level 3.0 Dodging
 - Level 1.1 Stealth
 + Level 3.8 Invocations


You had 8 spell levels left.
You didn't know any spells.
Your spell library was empty.

Inventory:

Hand Weapons
 a - a +0 shortbow (weapon)
Armour
 b - a +1 helmet (worn)
 f - a +1 pair of boots (worn)
 k - the +1 helmet of the Baking Gods {rC+}
   (You found it on level 7 of the Dungeon)

   rC+:       It protects you from cold.
 n - a +2 leather armour of cold resistance (worn)
Jewellery
 i - the amulet "Ilety" (around neck) {Acrobat +Blink rPois Str-5 Dex+4}
   (You acquired it on level 4 of the Dungeon)

   [amulet of the acrobat]

   Acrobat:   It increases your evasion while moving and waiting.
   Str-5:     It affects your strength (-5).
   Dex+4:     It affects your dexterity (+4).
   rPois:     It protects you from poison +Blink: It lets you blink.
Wands
 e - a wand of light (8)
Scrolls
 g - 2 scrolls of identify
 l - a scroll of poison {unknown}
Potions
 c - a potion of magic
 d - 7 potions of mutation
 h - 2 potions of enlightenment
 m - 3 potions of haste
 o - a potion of degeneration {unknown}

Dungeon Overview and Level Annotations

Branches:
Dungeon (7/15)             Temple (1/1) D:6

Altars:
Ashenzari
Cheibriados
Elyvilon
Fedhas
Gozag
Kikubaaqudgha
Makhleb
Nemelex Xobeh
Okawaru
Ru
Sif Muna
Trog
Uskayaw
Vehumet
Wu Jian
Xom
Yredelemnul
Zin
The Shining One

Annotations:
D:4 3 runed translucent doors, qw's ghost, amateur GrHu


Message History

The bolt of electricity hits you. You resist.
You shoot an arrow. The arrow hits the steam dragon.
The steam dragon is severely wounded.
You are engulfed in a cloud of scalding steam.
The steam dragon barely misses you.
The steam dragon claws you but does no damage.
The electric eel shoots out a bolt of lightning at you!
The bolt of electricity hits you. You resist.
You shoot an arrow. The arrow hits the steam dragon.
The steam dragon is severely wounded.
You are engulfed in a cloud of scalding steam.
The steam dragon closely misses you.
The steam dragon claws you but does no damage.
The electric eel shoots out a bolt of lightning at you!
The bolt of electricity hits you. You resist.
You shoot an arrow. The arrow hits the steam dragon!
The steam dragon is almost dead.
You are engulfed in a cloud of scalding steam.
The steam dragon bites you. The steam dragon closely misses you.
You shoot an arrow. The arrow hits the steam dragon.
The steam dragon is almost dead.
The steam dragon bites you but does no damage.
The steam dragon completely misses you.
You shoot an arrow.
The arrow completely misses the steam dragon.
The steam dragon breathes steam at you. The ball of steam hits you!
7148 ||| READING scroll of teleportation.
As you read the scroll of teleportation, it crumbles to dust.
You feel strangely unstable. The steam dragon barely misses you. x2
The electric eel shoots out a bolt of lightning at you!
The bolt of electricity hits you. You resist.
You shoot an arrow. The arrow hits the steam dragon.
You kill the steam dragon!
Okawaru accepts your kill.
The steam dragon scales are intact enough to wear.
The electric eel shoots out a bolt of lightning at you!
The bolt of electricity hits you. You resist.
You die...

#.#######+#######......
#.#~~~~~~.~~~~ #......
#.#~.......... #......
#.#~.......... #......
#.#~.......... #......
#.#~.......... #..##..
#.#~..¤....... #######
#.)¤.¤¤¤.~....
###¤.¤@¤$.....
#~..¤¤¤.....
#~¤.¤.......
#~..........
#~..........
#~~~~~~.S~~~
#######+####


You could see an electric eel.

Vanquished Creatures
  2 steam dragons (D:7)
  2 black bears
  2 ice beasts
  2 sky beasts
  2 centaurs (D:7)
  2 bullfrogs
  A gnoll sergeant (D:6)
  2 scorpions
  5 howler monkeys
  4 hounds
  2 bombardier beetles
  A jelly (D:6)
  2 orc priests (D:6)
  A sleepcap (D:5)
  3 gnoll boudas
  An iguana (D:5)
  Natasha (twice) (D:2)
  4 orc wizards
  Robin (D:1)
  16 gnolls
  10 adders
  A shadow imp (D:6)
  A white imp (D:7)
  A dart slug (D:2)
  2 ribbon worms
  23 orcs
  7 bats
  10 endoplasms
  4 giant cockroaches
  17 goblins
  7 hobgoblins
  6 jackals
  14 kobolds
  5 quokkas
  10 ball pythons
  3 frilled lizards
  10 rats
188 creatures vanquished.

Notes
Turn   | Place    | Note
-------+----------+-------------------------------------------
     0 | D:1      | qw the Gargoyle Hunter began the quest for the Orb.
     0 | D:1      | Reached XP level 1. HP: 12/12 MP: 1/1
     0 | D:1      | 0 ||| qw: Version: 0.3-a-132-g3d54051
     0 | D:1      | 0 ||| qw: Game counter: 443
     0 | D:1      | 0 ||| qw: Melee chars always use a shield: true
     0 | D:1      | 0 ||| qw: God list: Okawaru
     0 | D:1      | 0 ||| qw: Allow faded altars: false
     0 | D:1      | 0 ||| qw: Do Orc after clearing Dungeon:15 true
     0 | D:1      | 0 ||| qw: Do second Lair branch before Depths: true
     0 | D:1      | 0 ||| qw: Lair rune preference: random
     0 | D:1      | 0 ||| qw: Goals: Normal
     0 | D:1      | 0 ||| PLANNING D:1-11
    39 | D:1      | Reached XP level 2. HP: 16/17 MP: 2/2
   344 | D:1      | Reached XP level 3. HP: 21/21 MP: 3/3
   468 | D:1      | 468 ||| READING scroll labelled DAOCOY JOYFUE.
   472 | D:1      | 472 ||| READING 2 scrolls labelled NOITSEATECW.
   473 | D:1      | 473 ||| READING scroll labelled DOP XET VOHOA.
   473 | D:1      | 473 ||| IDENTIFYING smoky blue potion
   474 | D:1      | 474 ||| DRINKING 2 dark potions.
   475 | D:1      | 475 ||| DRINKING 2 fizzy silvery potions.
   579 | D:1      | 579 ||| DROPPING scroll of butterflies.
   580 | D:1      | 580 ||| DROPPING potion of brilliance.
   581 | D:1      | 581 ||| DROPPING scroll of revelation.
   582 | D:1      | 582 ||| DROPPING potion of berserk rage.
   590 | D:2      | Noticed Robin
   591 | D:2      | 591 ||| STAIRDANCE
   594 | D:1      | Reached skill level 5 in Ranged Weapons
   612 | D:2      | 612 ||| STAIRDANCE
   617 | D:1      | Killed Robin
   674 | D:1      | 674 ||| UPGRADING to +0 helmet.
   683 | D:2      | 683 ||| STAIRDANCE
   691 | D:2      | 691 ||| STAIRDANCE
   701 | D:2      | 701 ||| STAIRDANCE
   711 | D:1      | Reached skill level 3 in Fighting
   719 | D:2      | Reached XP level 4. HP: 20/28 MP: 4/4
   719 | D:2      | 719 ||| STAIRDANCE
   753 | D:2      | 753 ||| STAIRDANCE
   760 | D:2      | 760 ||| STAIRDANCE
  1112 | D:2      | Found a faded altar of an unknown god.
  1125 | D:2      | 1125 ||| FLEEEEING.
  1309 | D:2      | Noticed Natasha
  1326 | D:2      | Killed Natasha
  1327 | D:2      | Reached XP level 5. HP: 12/32 MP: 5/5
  1327 | D:2      | 1327 ||| FLEEEEING.
  1446 | D:2      | Found a glowing silver altar of Zin.
  1541 | D:2      | Reached skill level 6 in Ranged Weapons
  1567 | D:2      | 1567 ||| FLEEEEING.
  1573 | D:2      | 1573 ||| STAIRDANCE
  1594 | D:1      | 1594 ||| UPGRADING to +0 ring mail.
  1604 | D:1      | 1604 ||| DROPPING +0 leather armour.
  1605 | D:1      | 1605 ||| READING scroll of identify.
  1605 | D:1      | 1605 ||| IDENTIFYING murky dark potion
  1606 | D:1      | 1606 ||| READING scroll labelled JOEX SIOMUWI.
  1606 | D:1      | 1606 ||| ENCHANTING +0 helmet.
  1607 | D:1      | 1607 ||| DROPPING potion of magic.
  1628 | D:2      | Noticed Natasha
  1634 | D:2      | 1634 ||| ZAPPING wand of light (11) at 0,1 (Natasha;
                  | floor).
  1635 | D:2      | 1635 ||| ZAPPING wand of light (10) at 0,1 (Natasha;
                  | floor).
  1635 | D:2      | Killed Natasha
  1636 | D:2      | Reached skill level 1 in Armour
  1939 | D:2      | 1939 ||| UPGRADING to +1 pair of boots.
  1944 | D:2      | 1944 ||| READING scroll labelled CIYNEC SOX NAONI.
  2003 | D:3      | Found an opulent altar of Gozag.
  2201 | D:3      | Reached XP level 6. HP: 36/39 MP: 6/6
  2202 | D:3      | 2202 ||| FLEEEEING.
  2247 | D:3      | Identified the +8 quarterstaff "Cuodim" {pain, Str+6 Int-4
                  | Stlth+}
  2481 | D:3      | Found a sparkling altar of Nemelex Xobeh.
  2576 | D:3      | Found a basalt altar of Yredelemnul.
  2680 | D:3      | 2680 ||| READING scroll of identify.
  2680 | D:3      | 2680 ||| IDENTIFYING grey potion
  2681 | D:3      | 2681 ||| READING scroll labelled XAQORPHISOPS.
  2725 | D:4      | Found a runed translucent gate.
  2725 | D:4      | Found a runed translucent gate.
  2725 | D:4      | Found a runed translucent gate.
  2737 | D:4      | Noticed qw's ghost (amateur GrHu)
  2999 | D:4      | Found a sacrificial altar of Ru.
  3046 | D:4      | 3046 ||| FLEEEEING.
  3190 | D:4      | 3190 ||| UPGRADING to +2 leather armour of cold resistance.
  3200 | D:4      | 3200 ||| DROPPING +0 ring mail.
  3201 | D:4      | 3201 ||| UPGRADING to amulet of guardian spirit.
  3206 | D:4      | 3206 ||| READING scroll labelled TERRAF UTYHE.
  3207 | D:4      | 3207 ||| READING scroll labelled QEOGGIDWON.
  3208 | D:4      | 3208 ||| DRINKING 2 brown potions.
  3231 | D:5      | Entered Level 5 of the Dungeon
  3254 | D:5      | Reached skill level 7 in Ranged Weapons
  3262 | D:5      | Reached XP level 7. HP: 44/44 MP: 7/7
  3313 | D:5      | 3313 ||| FLEEEEING.
  3322 | D:5      | 3322 ||| STAIRDANCE
  3479 | D:5      | 3479 ||| FLEEEEING.
  3782 | D:5      | 3782 ||| DRINKING 2 metallic green potions.
  3783 | D:5      | 3783 ||| DRINKING viscous golden potion.
  3784 | D:5      | 3784 ||| DRINKING viscous coppery potion.
  3914 | D:5      | Reached skill level 8 in Ranged Weapons
  3977 | D:5      | 3977 ||| FLEEEEING.
  3988 | D:5      | 3988 ||| FLEEEEING.
  3999 | D:5      | 3999 ||| FLEEEEING.
  4001 | D:5      | 4001 ||| STAIRDANCE
  4084 | D:4      | 4084 ||| READING 2 scrolls of identify.
  4084 | D:4      | 4084 ||| IDENTIFYING scroll labelled XEMEEXKUOXI
  4084 | D:4      | Identified a scroll of acquirement
  4085 | D:4      | 4085 ||| READING scroll of acquirement.
  4085 | D:4      | 4085 ||| ACQUIRING amulet "Ilety" {Acrobat +Blink rPois
                  | Str-5 Dex+4}
  4085 | D:4      | Acquired the amulet "Ilety" {Acrobat +Blink rPois Str-5
                  | Dex+4}
  4087 | D:4      | 4087 ||| UPGRADING to amulet "Ilety" {Acrobat +Blink rPois
                  | Str-5 Dex+4}.
  4097 | D:4      | 4097 ||| DROPPING amulet of guardian spirit.
  4098 | D:4      | 4098 ||| READING scroll of identify.
  4098 | D:4      | 4098 ||| IDENTIFYING scroll labelled SEL ATHREMINK
  4099 | D:4      | 4099 ||| DROPPING scroll of fear.
  4351 | D:6      | 4351 ||| STAIRDANCE
  4373 | D:6      | 4373 ||| STAIRDANCE
  4435 | D:6      | Reached XP level 8. HP: 48/49 MP: 8/8
  4559 | D:6      | 4559 ||| FLEEEEING.
  4570 | D:6      | 4570 ||| FLEEEEING.
  4581 | D:6      | 4581 ||| FLEEEEING.
  4596 | D:6      | 4596 ||| FLEEEEING.
  4598 | D:6      | 4598 ||| STAIRDANCE
  4608 | D:5      | 4608 ||| FLEEEEING.
  4619 | D:5      | 4619 ||| FLEEEEING.
  4891 | D:6      | Reached skill level 9 in Ranged Weapons
  5467 | D:6      | Found a staircase to the Ecumenical Temple.
  5468 | D:6      | 5468 ||| PLANNING TEMPLE
  5473 | Temple   | Entered the Ecumenical Temple
  5474 | Temple   | 5474 ||| PLANNING OKAWARU WORSHIP
  5485 | Temple   | Became a worshipper of Warmaster Okawaru
  5486 | Temple   | 5486 ||| PLANNING D:1-11
  5599 | D:6      | Reached skill level 6 in Fighting
  5599 | D:6      | 5599 ||| FLEEEEING.
  5907 | D:7      | Found a flagged portal.
  5908 | D:7      | 5908 ||| STAIRDANCE
  5917 | D:6      | 5917 ||| ZAPPING wand of light (9) at -1,0 (black bear;
                  | floor).
  5918 | D:6      | 5918 ||| FLEEEEING.
  5951 | D:7      | 5951 ||| STAIRDANCE
  5957 | D:7      | 5957 ||| STAIRDANCE
  5964 | D:6      | Reached skill level 3 in Dodging
  5980 | D:7      | 5980 ||| STAIRDANCE
  6059 | D:7      | 6059 ||| STAIRDANCE
  6076 | D:6      | HP: 13/52 [gnoll/+0 club[a gnoll sergeant] (3)]
  6077 | D:6      | 6077 ||| READING 2 scrolls of teleportation.
  6078 | D:6      | 6078 ||| DRINKING potion of heal wounds.
  6081 | D:6      | 6081 ||| FLEEEEING.
  6211 | D:7      | 6211 ||| STAIRDANCE
  6238 | D:7      | 6238 ||| STAIRDANCE
  6258 | D:7      | 6258 ||| STAIRDANCE
  6260 | D:6      | 6260 ||| FLEEEEING.
  6309 | D:6      | Reached * piety under Okawaru
  6310 | D:6      | Reached XP level 9. HP: 20/56 MP: 9/9
  6314 | D:6      | 6314 ||| FLEEEEING.
  6499 | D:7      | Reached skill level 1 in Invocations
  6508 | D:7      | 6508 ||| FLEEEEING.
  6518 | D:7      | 6518 ||| STAIRDANCE
  6670 | D:7      | Reached skill level 10 in Ranged Weapons
  6706 | D:7      | Identified the +1 helmet of the Baking Gods {rC+}
  6757 | D:7      | 6757 ||| FLEEEEING.
  6870 | D:7      | 6870 ||| FLEEEEING.
  6879 | D:7      | Reached skill level 3 in Invocations
  7147 | D:7      | HP: 5/57 [steam dragon/ball of steam (10)]
  7148 | D:7      | 7148 ||| READING scroll of teleportation.
  7149 | D:7      | Killed from afar by an electric eel

Levels and vault maps discovered:
D:1:      onia_arrival_handbag, layout_rooms, chequers_arboretum,
          minmay_misc_feat_tiny
D:2:      layout_loops_corners, basic_altar, hellmonk_ecumenical_altar_lost_god,
          nrook_uturn, grunt_ministairs_3, uniq_natasha, uniq_robin
D:3:      minmay_skewed_foursquare, layout_basic, nicolae_gozag_seed_capital,
          mainiacjoe_overflow_alcove_2, nemelex_diamond_rough_becter,
          st_stairs_4
D:4:      layout_rooms, amcnicky_altar_gilded, gammafunk_ghost_necromancy
D:5:      layout_basic
D:6:      layout_layer_cave, minmay_temple_entry_fiery,
          serial_library_hellmonk_statue_hall
D:7:      layout_gridville, enter_bailey_5, kennysheep_generic_room_16
Temple:   nicolae_temple_bog_church

Skill      XL: |  1  2  3  4  5  6  7  8  9 |
---------------+----------------------------+-----
Ranged Weapons | 5 6 7 8 9 10 | 10.0
Fighting       | 3 4 5 6 7 |  7.1
Armour         | 1 2 |  2.0
Dodging        | 2 3 |  3.0
Invocations    | 3 |  3.8
Stealth        | |  1.1

Action                     |  1- 3 |  4- 6 |  7- 9 || total
---------------------------+-------+-------+-------++-------
   Fire: Shortbow          |   125 |   309 |   445 ||   879
  Evoke: Wand              |       |     2 |     1 ||     3
    Use: Scroll            |     3 |     7 |     5 ||    15
         Potion            |     2 |     1 |     4 ||     7
 Armour: Leather armour    |    64 |    80 |   279 ||   423
         Ring mail         |       |    61 |       ||    61
         Skin              |       |       |    14 ||    14
  Dodge: Dodged            |    53 |   102 |   187 ||   342

Table legend:
 A = Non-vault XP
 B = Vault XP
 C = Vault XP percentage of total XP
 D = Non-vault monster count
 E = Vault monster count
 F = Vault count percentage of total count
                 A         B        C        D         E       F
            +---------+---------+-------+---------+---------+-------
      Total |    3191 |     288 |   8.3 |     160 |      28 |  14.9
            +---------+---------+-------+---------+---------+-------
        D:1 |      47 |      35 |  42.7 |      23 |      13 |  36.1
        D:2 |     134 |      42 |  23.9 |      31 |       4 |  11.4
        D:3 |      92 |      10 |   9.8 |      17 |       6 |  26.1
        D:4 |     198 |       0 |   0.0 |      18 |       0 |   0.0
        D:5 |     614 |       0 |   0.0 |      23 |       0 |   0.0
        D:6 |    1010 |       0 |   0.0 |      22 |       0 |   0.0
        D:7 |    1096 |     201 |  15.5 |      26 |       5 |  16.1
            +---------+---------+-------+---------+---------+-------
